 Dungeon Crawl Stone Soup version 0.13-a0-1693-g8ac13c1 (webtiles) character file.

1148 Kae the Ruinous (level 7, -4/46 HPs)
             Began as a Demonspawn Ice Elementalist on June 21, 2013.
             Was a Follower of Vehumet.
             Slain by Deid's ghost (10 damage)
             ... on Level 6 of the Dungeon.
             The game lasted 00:14:04 (5728 turns).

Kae the Ruinous (Demonspawn Ice Elementalist)       Turns: 5728, Time: 00:14:05

HP  -4/46        AC 13     Str  8      XL: 7   Next: 94%
MP   0/15        EV 12     Int 24      God: Vehumet [*.....]
Gold 176         SH  0     Dex 13      Spells:  5 memorised,  2 levels left

Res.Fire  : . . .   See Invis. : .   y - +0,+6 whip (freeze)
Res.Cold  : . . .   Warding    : .   o - +1 robe
Life Prot.: + . .   Conserve   : .   (no shield)
Res.Poison: +       Res.Corr.  : .   (helmet restricted)
Res.Elec. : .       Clarity    : .   H - +0 cloak
Sust.Abil.: . .     Spirit.Shd : +   x - +0 pair of orc gauntlets
Res.Mut.  : .       Stasis     : .   t - +0 pair of boots (curse)
Res.Rott. : .       Flight     : .   q - amulet of faith
Saprovore : . . .                    F - ring of poison resistance
                                     C - ring of life protection

@: icy armour, brilliant, slightly resistant to hostile enchantments, fairly
stealthy
A: antennae 1, powered by death 1, magic shield, AC +2
a: Renounce Religion


You were on level 6 of the Dungeon.
You worshipped Vehumet.
Vehumet was most pleased with you.
You were not hungry.

You visited 2 branches of the dungeon, and saw 7 of its levels.

You collected 307 gold pieces.
You spent 151 gold pieces at shops.

Inventory:

Hand weapons
 y - a +0,+6 whip of freezing (weapon)
Armour
 a - a +0 robe
 o - a +1 robe (worn)
 t - a cursed +0 pair of boots (worn)
 x - a +0 pair of orcish gauntlets (worn)
 B - a +0 cloak
 H - a +0 cloak (worn)
Comestibles
 c - 3 bread rations
 l - a beef jerky
 p - 3 meat rations
Scrolls
 d - a scroll of remove curse
 e - a scroll of fog
 r - a scroll of fear
 J - a scroll of teleportation
Jewellery
 j - an uncursed amulet of guardian spirit
 q - an amulet of faith (around neck)
 C - a ring of life protection (left hand)
 F - a ring of poison resistance (right hand)
Potions
 f - 2 potions of might {unknown}
 g - a potion of brilliance
 h - 2 potions of speed {unknown}
 k - 3 potions of curing
 s - a potion of magic {unknown}
 u - a potion of flight {unknown}
 v - a potion of resistance {unknown}
 w - a potion of heal wounds {unknown}
 z - a potion of slowing {unknown}
 A - a potion of invisibility {unknown}
Books
 b - a book of Frost

   Spells                             Type                      Level
   *Freeze                            Ice                          1
   *Throw Frost                       Conjuration/Ice              2
   *Ozocubu's Armour                  Charms/Ice                   3
   *Throw Icicle                      Conjuration/Ice              4
   Summon Ice Beast                   Ice/Summoning                4
   Condensation Shield                Ice                          4
 i - a book of Control

   Spells                             Type                      Level
   Control Teleport                   Charms/Translocation         4
   Control Undead                     Necromancy                   4
   Enslavement                        Hexes                        4
   Mass Confusion                     Hexes                        6
   Metabolic Englaciation             Hexes/Ice                    6


   Skills:
 - Level 1.9 Dodging
 - Level 1.8 Stealth
 + Level 3.6 Spellcasting
 * Level 5.6 Conjurations
 * Level 5.6 Ice Magic


You had 2 spell levels left.
You knew the following spells:

 Your Spells              Type           Power        Failure   Level  Hunger
a - Freeze                Ice            ####         1%          1    None
b - Throw Frost           Conj/Ice       #####.       1%          2    #......
c - Throw Icicle          Conj/Ice       #####...     1%          4    ####...
d - Magic Dart            Conj           ####         1%          1    None
e - Ozocubu's Armour      Chrm/Ice       ####......   1%          3    ###....


Dungeon Overview and Level Annotations

Branches:
Dungeon (6/27)             Temple (1/1) D:4
    Orc: D:6-11

Altars:
Ashenzari
Cheibriados
Elyvilon
Fedhas
Kikubaaqudgha
Makhleb
Nemelex Xobeh
Okawaru
Sif Muna
Trog
Vehumet
Xom
Yredelemnul
Zin
the Shining One

Shops:
D:5: **([/

Annotations
D:6 Deid's ghost, experienced MfBe


Innate Abilities, Weirdness & Mutations

You have a pair of small antennae on your head.
You are partially covered in thin metallic scales (AC +2).
You can steal the life force of nearby defeated enemies.
When hurt, damage is shared between your health and your magic reserves.


Message History

Aiming: Freeze
Press: ? - help, Shift-Dir - straight line, f/p - Deid's ghost
Aim: Deid's ghost (lightly damaged)
You freeze Deid's ghost.
Deid's ghost is lightly damaged.
Deid's ghost hits you!
Casting: Freeze
Confirm with . or Enter, or press ? or * to list all spells.
A film of ice covers your body! Deid's ghost hits you.
You closely miss Deid's ghost.
Deid's ghost is lightly damaged.
Deid's ghost barely misses you.
You barely miss Deid's ghost.
Deid's ghost is lightly damaged.
Deid's ghost hits you!
* * * LOW HITPOINT WARNING * * *
You barely miss Deid's ghost.
Deid's ghost is lightly damaged.
Deid's ghost hits you!
You die...

. .# .# .# .# .#
.# #####p# #...@.#
#.#######..
#..........
#.######### #.#
#...######.#
#..........#
......####.#####.#
................#


You could see Deid's ghost.

Vanquished Creatures
  The ghost of Elizilla the Gusty, an average OpAE (D:4)
  An ice beast (D:5)
  An ogre (D:4)
  A centaur skeleton (D:4)
  2 crimson imps (D:5)
  An ogre skeleton (D:5)
  5 worker ants
  2 orc priests
  A hound (D:4)
  2 iguanas (D:4)
  A hound skeleton (D:4)
  An orc wizard (D:5)
  A jelly (D:4)
  4 adders
  A gnoll (D:5)
  An iguana skeleton (D:4)
  A worm (D:5)
  2 giant geckos
  9 orcs
  5 giant cockroaches
  7 hobgoblins
  16 jackals
  6 kobolds
  A ball python (D:3)
  4 bats
  5 giant newts
  5 goblins
  11 rats
98 creatures vanquished.

Vanquished Creatures (others)
  A quokka (D:4)
  A rat (D:1)
2 creatures vanquished.

Grand Total: 100 creatures vanquished

Notes
Turn   | Place    | Note
--------------------------------------------------------------
     0 | D:1      | Kae, the Demonspawn Ice Elementalist, began the quest for the Orb.
     0 | D:1      | Reached XP level 1. HP: 13/13 MP: 3/3
     5 | D:1      | Noticed a black mamba
   262 | D:1      | Gained mutation: You can steal the life force of nearby defeated enemies. [demonic ancestry]
   262 | D:1      | Reached XP level 2. HP: 1/19 MP: 1/4
   410 | D:1      | Reached skill level 3 in Ice Magic
   421 | D:1      | Learned a level 2 spell: Throw Frost
   816 | D:1      | Noticed a death yak
  1190 | D:2      | Reached XP level 3. HP: 24/24 MP: 0/6
  1502 | D:3      | Gained mutation: When hurt, damage is shared between your health and your magic reserves. [demonic ancestry]
  1502 | D:3      | Reached XP level 4. HP: 30/30 MP: 0/7
  2048 | D:4      | Noticed Elizilla's ghost (average OpAE)
  2066 | D:4      | Killed Elizilla's ghost
  2066 | D:4      | Reached skill level 4 in Ice Magic
  2066 | D:4      | Reached XP level 5. HP: 35/35 MP: 0/10
  2066 | D:4      | Gained mutation: You have a pair of small antennae on your head. [demonic ancestry]
  2066 | D:4      | Reached XP level 6. HP: 41/41 MP: 0/11
  2243 | D:4      | Found a staircase to the Ecumenical Temple.
  2302 | Temple   | Entered the Ecumenical Temple
  2353 | Temple   | Became a worshipper of Vehumet
  2780 | D:4      | Found a basalt altar of Yredelemnul.
  3630 | D:4      | Gained mutation: You are partially covered in thin metallic scales (AC +2). [demonic ancestry]
  3630 | D:4      | Reached XP level 7. HP: 46/46 MP: 12/14
  3648 | D:4      | Acquired Vehumet's first power
  3648 | D:4      | Offered knowledge of Magic Dart by Vehumet.
  3650 | D:4      | Reached skill level 5 in Ice Magic
  3766 | D:4      | Learned a level 4 spell: Throw Icicle
  3768 | D:4      | Learned a level 1 spell: Magic Dart
  3772 | D:4      | Learned a level 3 spell: Ozocubu's Armour
  3786 | D:4      | Noticed an ogre
  3817 | D:4      | Killed an ogre
  3817 | D:4      | Reached skill level 5 in Conjurations
  3995 | D:5      | Entered Level 5 of the Dungeon
  3995 | D:5      | Found Homa's Assorted Antiques.
  4004 | D:5      | Bought a green potion for 23 gold pieces
  4004 | D:5      | Bought a scroll labeled TEYPPI FOQETIO for 26 gold pieces
  4095 | D:5      | Found Gaem's Weapon Shop.
  4264 | D:5      | Found Taill's Magical Wand Boutique.
  4402 | D:5      | Found Smesacec's Antique Armour Emporium.
  4417 | D:5      | Bought a cloak for 25 gold pieces
  4668 | D:5      | Found Daschabb's General Store.
  4688 | D:5      | Bought a scroll of teleportation for 33 gold pieces
  4688 | D:5      | Bought a scroll of identify for 22 gold pieces
  4688 | D:5      | Bought a scroll of identify for 22 gold pieces
  5086 | D:6      | Noticed Deid's ghost (experienced MfBe)
  5728 | D:6      | Slain by Deid's ghost

Action                   |  1- 3 |  4- 6 |  7- 9 || total
-------------------------+-------+-------+-------++-------
Melee: Unarmed           |    64 |     2 |       ||    66
       Whip              |       |   110 |    44 ||   154
 Cast: Freeze            |    49 |    36 |    39 ||   124
       Throw Frost       |       |     4 |    11 ||    15
       Magic Dart        |       |       |    19 ||    19
       Throw Icicle      |       |       |     4 ||     4
       Ozocubu's Armour  |       |       |     2 ||     2
  Use: Scroll            |       |    12 |     8 ||    20
       Potion            |       |       |     2 ||     2
 Stab: Sleeping          |       |     1 |       ||     1
